 Dungeon Crawl Stone Soup version 0.29-a0-194-g6e3aafee17 (webtiles) character file.

Game seed: 16751490904627662169

69 bande the Covered (level 4, -3/29 HPs)
             Began as a Gargoyle Fighter on Feb 23, 2022.
             Killed by nerve-wracking pain
             ... invoked by an orc priest
              (4 damage)
             ... on level 3 of the Dungeon.
             The game lasted 00:03:18 (2104 turns).

bande the Covered (Gargoyle Fighter)                Turns: 2104, Time: 00:03:18

Health: -3/29      AC: 15    Str: 21    XL:     4   Next: 20%
Magic:  4/4        EV:  4    Int:  9    God:
Gold:   128        SH:  9    Dex:  9    Spells: 3/3 levels left

rFire   . . .      SeeInvis .   a - +0 flail
rCold   + . .      Faith    .   j - +1 kite shield {reflect}
rNeg    + . .      Spirit   .   f - +0 plate armour
rPois   ∞          Reflect  +   (no helmet)
rElec   +          Harm     .   (no cloak)
rCorr   .          Rampage  .   (no gloves)
Will    .....                   (no boots)
Stlth   ..........              (no amulet)
HPRegen 0.09/turn               g - ring of protection from cold
MPRegen 0.09/turn               (no ring)

@: no status effects
A: sickness immunity, AC +3, negative energy resistance 1, electricity
resistance, torment resistance 1, petrification resistance
a: no special abilities


You were on level 3 of the Dungeon.
You visited 1 branch of the dungeon, and saw 3 of its levels.

You collected 128 gold pieces.

Inventory:

Hand Weapons
 a - a +0 flail (weapon)
Armour
 f - a +0 plate armour (worn)
 j - a +1 kite shield of reflection (worn)
Jewellery
 g - a ring of protection from cold (left hand)
Scrolls
 h - a scroll of identify
Potions
 b - 2 potions of flight
 d - 2 potions of might
 i - a potion of heal wounds


   Skills:
 + Level 3.9 Fighting
 * Level 1.2(1.7) Axes
 - Level 2.0(2.2) Maces & Flails
 + Level 4.0 Armour
 + Level 3.9 Shields


You had 3 spell levels left.
You didn't know any spells.
Your spell library contained the following spells:

 Spells                   Type           Power      Damage    Failure   Level
 Ensorcelled Hibernation  Hex/Ice        0%         N/A       100%        2
 Passwall                 Tmut/Erth      0%         N/A       100%        2
 Swiftness                Air            0%         N/A       100%        3
 Iskenderun's Battlesphe  Conj           0%         2d6       100%        5
 Iron Shot                Conj/Erth      0%         9d1       100%        6
 Spellforged Servitor     Conj/Summ      0%         N/A       100%        7


Dungeon Overview and Level Annotations

Branches:
Dungeon (3/15)

Altars:


Innate Abilities, Weirdness & Mutations

You are immune to sickness and miasma.
Your stone body is resilient. (AC +3)
You are immune to poison.
You resist negative energy. (rN+)
You are resistant to electric shocks. (rElec)
You are resistant to unholy torment.
You are immune to petrification.


Message History

The orc priest hits you but does no damage.
You block the orc's attack.
Unknown command.
You hit the orc priest.
The orc priest is heavily wounded.
You block the bat's attack. The bat hits you but does no damage.
The orc hits you but does no damage.
The orc priest hits you but does no damage.
The orc hits you with a +0 mace. You block the orc's attack.
You block the orc priest's attack.
You hit the orc priest.
The orc priest is heavily wounded.
The bat hits you but does no damage. You block the orc's attack.
The orc barely misses you. You block the orc priest's attack.
The orc hits you with a +0 mace.
You barely miss the orc priest.
The orc priest is heavily wounded.
You block the bat's attack. The orc hits you with a +0 flail.
The orc priest hits you but does no damage.
The orc hits you with a +0 mace.
* * * LOW HITPOINT WARNING * * *
You block the orc's attack. The orc priest barely misses you.
Unknown command.
You barely miss the orc priest.
The orc priest is heavily wounded.
The bat hits you but does no damage. You block the orc's attack. x2
The orc priest hits you but does no damage.
The bat hits you.
* * * LOW HITPOINT WARNING * * *
The orc hits you but does no damage.
You barely miss the orc priest.
The orc priest is heavily wounded.
The bat hits you but does no damage. You block the orc's attack.
The orc priest invokes the aid of Beogh against you.
Pain shoots through your body!
* * * LOW HITPOINT WARNING * * *
The orc hits you but does no damage. You block the orc's attack.
The orc priest mumbles some strange prayers to Beogh against you.
Pain shoots through your body!
You die...

......? #........
.......####........#
#...................
#####......##........<..
........................
........##............#.
##.####.................
(..#######...##.b.......
#........)...##.@o......
............#...oo.....#
..............#...$.....
......!......##.........
........................
........†....##.........
...............#.#####..
.........†..##.... ..
#..........## ##


You could see an orc priest, 2 orcs and a bat.

Vanquished Creatures
  A bullfrog zombie (D:3)
  2 orcs (D:3)
  4 endoplasms
  2 giant cockroaches
  2 goblins
  3 hobgoblins (D:1)
  6 jackals
  2 quokkas (D:2)
  3 ball pythons
  4 frilled lizards (D:1)
  2 kobolds
  2 rats (D:1)
33 creatures vanquished.

Notes
Turn   | Place    | Note
-------+----------+-------------------------------------------
     0 | D:1      | bande the Gargoyle Fighter began the quest for the Orb.
     0 | D:1      | Reached XP level 1. HP: 14/14 MP: 1/1
    39 | D:1      | Reached XP level 2. HP: 17/19 MP: 2/2
   113 | D:1      | Found a faded altar of an unknown god.
  1434 | D:2      | Reached XP level 3. HP: 23/23 MP: 3/3
  1498 | D:2      | Identified the +2 robe of Zitace {Str+2}
  2063 | D:3      | Reached skill level 1 in Axes
  2063 | D:3      | Reached skill level 4 in Armour
  2063 | D:3      | Reached XP level 4. HP: 24/29 MP: 4/4
  2104 | D:3      | HP: 1/29 [orc priest/nerve-wracking pain (5)]
  2104 | D:3      | Killed from afar by an orc priest

Illustrated notes

Levels and vault maps discovered:
D:1:      erik_arrival_cave_to_civilisation [erik_arrival_cave_to_hall],
          layout_basic, hellmonk_ecumenical_altar_crossroads, serial_rivers,
          chequers_serial_rivers_room_a, chequers_serial_rivers_large_a,
          chequers_serial_rivers_room_b, chequers_serial_rivers_small_b,
          grunt_decor_junction
D:2:      layout_basic
D:3:      layout_rooms, mainiacjoe_overflow_cross_hatched

Skill      XL: |  1  2  3 |
---------------+----------+-----
Axes           | 1 |  1.2
Armour         | 4 |  4.0
Fighting       | |  3.9
Maces & Flails | |  2.0
Shields        | |  3.9

Action                   |  1- 3 |  4- 6 || total
-------------------------+-------+-------++-------
Melee: Flail             |    85 |    15 ||   100
  Use: Scroll            |     7 |       ||     7
Armor: Scale mail        |    14 |       ||    14
       Plate armour      |    58 |    20 ||    78
Dodge: Dodged            |    37 |     7 ||    44
Block: Buckler           |    11 |       ||    11
       Kite shield       |    28 |    25 ||    53
       Reflection        |     1 |     1 ||     2

Table legend: (Time is in decaauts)
 A = Elapsed time spent in this place.
 B = Non-inter-level travel time spent in this place.
 C = Inter-level travel time spent in this place.
 D = Time resting spent in this place.
 E = Time spent auto-exploring this place.
 F = Levels seen in this place.
 G = Mean time per level.
                   A        B        C        D        E       F      G
               +--------+--------+--------+--------+--------+-----+--------+
         Total |   2166 |   2077 |     89 |    197 |   1542 |   3 |  722.0 |
       Dungeon |   2166 |   2077 |     89 |    197 |   1542 |   3 |  722.0 |
               +--------+--------+--------+--------+--------+-----+--------+

Top non-repeatable levels by time:
     D:1: 1005 daAuts
     D:2: 830 daAuts
     D:3: 330 daAuts
